[Event "Late-Titled-Tuesday-Blitz-September-05-2023"]
[Site "Chess.com"]
[Date "2023.09.05"]
[Round "10"]
[White "CraiggoryC"]
[Black "egnfanclub"]
[Result "0-1"]
[WhiteElo "2216"]
[BlackElo "2295"]
[TimeControl "180+1"]
[EndTime "15:55:20 PDT"]
[Termination "egnfanclub won on time"]

1. e4 e5 2. Nf3 Nc6 3. Bb5 a6 4. Ba4 d6 5. c3 f5 6. exf5 Bxf5 7. O-O Bd3 8. Re1 e4 9. Bc2 Bxc2 10. Qxc2 Nf6 11. d3 d5 12. Bg5 Be7 13. Bxf6 Bxf6 14. dxe4 O-O 15. exd5 Qxd5 16. Qb3 Qxb3 17. axb3 Rad8 18.
Na3 Na5 19. b4 Nb3 20. Rad1 b5 21. Nc2 c5 22. bxc5 Nxc5 23. Ncd4 Na4 24. Rd2 Rfe8 25.
Kf1 Nc5 26. Rxe8+ Rxe8 27. g3 Ne4 28. Re2 Kf7 29. Kg2 Nc5 30. Rxe8 Kxe8 31. Ne1 Bxd4 32.
cxd4 Ne6 33. Nc2 Kd7 34. Kf3 Kd6 35. Ke4 a5 36. h4 b4 37. Ne3 a4 38. Nc4+ Ke7 39.
Ke5 Nd8 40. d5 Nf7+ 41. Kd4 Nd6 42. Nxd6 Kxd6 43. Kc4 a3 44. bxa3 bxa3 45. Kb3 Kxd5 46. Kxa3 Ke4 47. Kb4 Kf3 48. Kc5 Kxf2 49. Kd6 Kxg3 50.
h5 Kh4 51. h6 g6 52. Ke5 Kh5 53. Kf6 Kxh6 0-1

[Event "Late-Titled-Tuesday-Blitz-September-05-2023"]
[Site "Chess.com"]
[Date "2023.09.05"]
[Round "10"]
[White "jk13"]
[Black "K_A_S_T_O_R"]
[Result "0-1"]
[WhiteElo "2700"]
[BlackElo "2959"]
[TimeControl "180+1"]
[EndTime "15:55:23 PDT"]
[Termination "K_A_S_T_O_R won by checkmate"]

1. e4 c5 2. c3 Nf6 3. e5 Nd5 4. Bc4 Nb6 5. Bb3 Nc6 6. Nf3 d5 7. exd6 Qxd6 8. d4 cxd4 9. Nxd4 Nxd4 10. cxd4 Be6 11. O-O Bxb3 12. Qxb3 Qd5 13. Qg3 e6 14. Nc3 Qd7 15. Re1 f6 16. Qg4 Kf7 17. Be3 h5 18. Qf3 Nd5 19. Rad1 Bb4 20. Bd2 Bxc3 21. bxc3 Rac8 22.
h4 b5 23. Re4 g6 24. Rde1 Rc6 25. Qe2 Rb6 26. a4 a6 27. axb5 axb5 28. Ra1 Rhb8 29. Qf3 Ne7 30. Ree1 Nf5 31. g3 R8b7 32. Ra8 Rb8 33.
Raa1 R6b7 34. Qe4 Re8 35. Ra6 Ra7 36. Rb6 Rc7 37. Rb1 Nd6 38. Qf4 Rc6 39. Rxc6 Qxc6 40. Qh6 Rg8 41. Ra1 Qb7 42. d5 e5 43. Be3 Qxd5 44.
Ra7+ Nb7 45. Qh7+ Rg7 46. Qh8 Rg8 47. Qh7+ Rg7 48. Qh6 Qc6 49. Qh8 Rg8 50. Qh7+ Rg7 51. Qh6 Rg8 52. Kh2 Rg7 53. Qh8 Rg8 54. Qh7+ Rg7 55.
Qh6 Rg8 56. Kg1 Rg7 57. Ra8 Nd6 58. Qh8 Ne8 59. Ra7+ Nc7 60. Qd8 Ke6 61. Qc8+ Rd7 62. Qf8 Rd1+ 63. Kh2 Rh1# 0-1

[Event "Late-Titled-Tuesday-Blitz-September-05-2023"]
[Site "Chess.com"]
[Date "2023.09.05"]
[Round "10"]
[White "KaydenTroffChess"]
[Black "MITerryble"]
[Result "0-1"]
[WhiteElo "2805"]
[BlackElo "2929"]
[TimeControl "180+1"]
[EndTime "15:55:24 PDT"]
[Termination "MITerryble won by resignation"]

1. d4 e6 2. Nf3 Nf6 3. Bf4 b6 4.
e3 Bb7 5. Nbd2 Bd6 6. Bg3 Bxg3 7. hxg3 d6 8. Bd3 Qe7 9. c3 e5 10. Bf5 g6 11. Bh3 Nbd7 12. Qa4 e4 13. Ng1 a6 14. c4 O-O 15. Ne2 Rfe8 16. Rd1 Nf8 17. Nc3 h5 18.
Qc2 N8h7 19. O-O Ng5 20. Rfe1 Nxh3+ 21. gxh3 Qe6 22. Kg2 Qf5 23. Rh1 b5 24. Ne2 b4 25.
h4 a5 26. Nf4 Bc6 27. d5 Bd7 28. Nb3 Ng4 29. Nd4 Qf6 30. Rc1 Bf5 31. c5 Ne5 32. cxd6 cxd6 33. Nxf5 Qxf5 34. Qc7 Nd3 35. Rc6 Nxf4+ 36.
exf4 e3 37. f3 Qxd5 38. Qxd6 Qxa2 39. Qd3 Qxb2+ 40. Rc2 Rad8 41. Qe2 Qxc2 42. Qxc2 Rd2+ 43. Qxd2 exd2 44. Rd1 Rd8 45. Kf2 b3 46. Ke3 b2 47.
Ke2 a4 48. f5 a3 49. g4 a2 50. fxg6 fxg6 51. gxh5 b1=Q 0-1

[Event "Late-Titled-Tuesday-Blitz-September-05-2023"]
[Site "Chess.com"]
[Date "2023.09.05"]
[Round "10"]
[White "grzechu96"]
[Black "Murad_Ibrahimli"]
[Result "0-1"]
[WhiteElo "2672"]
[BlackElo "2905"]
[TimeControl "180+1"]
[EndTime "15:55:24 PDT"]
[Termination "Murad_Ibrahimli won by resignation"]

1. e4 e5 2. Nf3 Nc6 3. Bc4 Bc5 4. d3 Nf6 5. Bg5 h6 6. Bh4 Be7 7. Bg3 d6 8. a4 O-O 9. O-O g6 10. h3 Kg7 11. a5 a6 12. c3 g5 13. Nbd2 g4 14.
hxg4 Bxg4 15. Bh4 Nh5 16. Bxe7 Qxe7 17. g3 f5 18. Kg2 fxe4 19. dxe4 Nd8 20. Be2 Ne6 21.
Rh1 Qf6 22. Rh4 Nhf4+ 23. Kf1 Bxf3 24. Bxf3 Ng6 25. Rh2 Ng5 26. Kg2 Rae8 27. Ra3 d5 28. Qe2 d4 29. c4 Ne6 30. Kg1 Rd8 31. b4 d3 32. Rxd3 Nef4 33. gxf4 Nxf4 34. Rxd8 Nxe2+ 35.
Bxe2 Rxd8 36. Nf1 Kh8 37. Ng3 Rg8 38. Rg2 Qd6 39. Kf1 Qc5 40. Rh2 Qf8 41. Nf5 Rg6 42.
c5 Rf6 43. Bc4 Rxf5 44. exf5 Qxf5 45. Be2 Qb1+ 46. Kg2 Qxb4 47. Rxh6+ Kg7 48. Rh3 Qxc5 49. Rg3+ Kf6 50. Bf3 c6 51. Be4 Qxa5 52. Rg6+ Kf7 53. Rh6 Qb4 54. f3 Qd2+ 55. Kg3 Qxh6 0-1

[Event "Late-Titled-Tuesday-Blitz-September-05-2023"]
[Site "Chess.com"]
[Date "2023.09.05"]
[Round "10"]
[White "nitpicker"]
[Black "Kostukov_Alex"]
[Result "1-0"]
[WhiteElo "2287"]
[BlackElo "2379"]
[TimeControl "180+1"]
[EndTime "15:55:26 PDT"]
[Termination "nitpicker won on time"]

1. d4 g6 2. e4 Bg7 3. Nc3 d6 4.
h3 e5 5. Nge2 exd4 6. Nxd4 Nc6 7. Be3 Nge7 8. g4 O-O 9. Bg2 Nxd4 10. Bxd4 Bxd4 11. Qxd4 Nc6 12. Qd2 Ne5 13. O-O-O g5 14. Nd5 Be6 15. f4 gxf4 16. Qxf4 Bxd5 17. exd5 Qh4 18.
Be4 f6 19. Bf5 Qg5 20. Be6+ Kg7 21. Rhf1 Ng6 22. Qd2 Rae8 23. Kb1 Qxd2 24. Rxd2 c5 25. Rdf2 Ne5 26. Kc1 b5 27. b3 b4 28. Kd2 a5 29.
Rf5 h6 30. h4 a4 31. Rg1 axb3 32. axb3 Ra8 33. g5 fxg5 34. Rxf8 Kxf8 35. hxg5 Nf3+ 36. Ke3 Nxg1 37. gxh6 Nh3 38. Bxh3 Kf7 39. Bf5 Kf6 40. Bd3 Ke5 41. h7 Rf8 42. Bc4 Rh8 43. Bd3 Kxd5 44.
Kf4 Kd4 45. Kg5 d5 46. Kh6 c4 47. bxc4 dxc4 48. Bg6 1-0

[Event "Late-Titled-Tuesday-Blitz-September-05-2023"]
[Site "Chess.com"]
[Date "2023.09.05"]
[Round "10"]
[White "Jahonas"]
[Black "tteshan"]
[Result "1-0"]
[WhiteElo "2411"]
[BlackElo "2550"]
[TimeControl "180+1"]
[EndTime "15:55:28 PDT"]
[Termination "Jahonas won by resignation"]

1. d4 d5 2. c4 dxc4 3. e3 Nf6 4. Bxc4 e6 5. Nf3 a6 6. a4 c5 7. O-O Nbd7 8. a5 Be7 9. Nc3 O-O 10. b3 cxd4 11. Nxd4 Nc5 12. Ba3 Nce4 13. Nxe4 Nxe4 14. Bb2 Bf6 15. Qe2 e5 16. Nf3 Bg4 17. Rfd1 Qc7 18.
h3 Bh5 19. Rd5 Rad8 20. Rad1 Rxd5 21. Rxd5 Ng5 22. h4 Nxf3+ 23. gxf3 Qc8 24. Kg2 Qf5 25. Bd3 Qe6 26. Be4 Rd8 27. Qd3 Rc8 28. Bxe5 Bxh4 29.
Bxh7+ Kh8 30. Bxg7+ Kxg7 31. Rxh5 Bf6 32. Qf5 Qxf5 33. Bxf5 Rc3 34. Rh7+ Kf8 35. Be4 Rxb3 36. Bd5 Rb5 37. Rxf7+ Ke8 38. Rxf6 Rxd5 39. Rb6 Rxa5 40. Rxb7 Ra2 41. Ra7 a5 42. f4 a4 43. f5 a3 44. f6 Kf8 45. e4 Re2 46. Kf3 Ra2 47. e5 Ra1 48. e6 Kg8 49. Ra8+ Kh7 50. f7 Rf1 51. f8=Q Rxf2+ 1-0

[Event "Late-Titled-Tuesday-Blitz-September-05-2023"]
[Site "Chess.com"]
[Date "2023.09.05"]
[Round "10"]
[White "TheRigos"]
[Black "Athanasios2"]
[Result "0-1"]
[WhiteElo "2572"]
[BlackElo "2713"]
[TimeControl "180+1"]
[EndTime "15:55:30 PDT"]
[Termination "Athanasios2 won on time"]

1. d4 Nf6 2. c4 g6 3. Nc3 d5 4. cxd5 Nxd5 5. e4 Nxc3 6. bxc3 Bg7 7. h3 O-O 8. Nf3 c5 9. Be3 cxd4 10. cxd4 b6 11. Rc1 Bb7 12. d5 Nd7 13. Bb5 Rc8 14. O-O Nc5 15. Bxc5 bxc5 16. Qa4 a6 17. Bc4 Qd6 18. Rb1 Rb8 19. Rfe1 Qf4 20. Qd7 Ba8 21.
Rxb8 Qxb8 22. Qxe7 Qb4 23. Bb3 a5 24. d6 c4 25. Bc2 Qa3 26. Qc7 Qxa2 27. Bb1 Qb3 28. d7 Bf6 29. e5 Bd8 30. Qd6 Bxf3 31. gxf3 Qxf3 32. Be4 Qxh3 33. Bd5 Qg4+ 34. Kf1 Kg7 35. Re4 Qd1+ 36. Kg2 c3 37. e6 c2 38. e7 Bxe7 39.
Rxe7 Qg4+ 40. Kh2 Qh4+ 41. Kg2 c1=Q 42. Qe5+ Qf6 43. Rxf7+ Rxf7 44. Qxf6+ Rxf6 45. d8=Q Qg5+ 46. Kf1 Rxf2+ 0-1

[Event "Late-Titled-Tuesday-Blitz-September-05-2023"]
[Site "Chess.com"]
[Date "2023.09.05"]
[Round "10"]
[White "platy3"]
[Black "BillieKimbah"]
[Result "0-1"]
[WhiteElo "2916"]
[BlackElo "3047"]
[TimeControl "180+1"]
[EndTime "15:55:32 PDT"]
[Termination "BillieKimbah won by resignation"]

1. e4 c5 2. Nf3 d6 3. d4 cxd4 4. Nxd4 Nf6 5. Nc3 a6 6. Bd3 e5 7. Nde2 Be7 8. O-O Be6 9. Ng3 Nc6 10. Nf5 Bxf5 11. exf5 d5 12. Bg5 O-O 13. Re1 h6 14. Bh4 d4 15. Bxf6 dxc3 16. Bxe7 Qxe7 17. bxc3 Rfd8 18.
Qf3 Rd6 19. Rab1 Qc7 20. Be4 Rad8 21. g3 b5 22. Kg2 Na5 23. Rbd1 Nc4 24. Rxd6 Qxd6 25.
Bd3 Nd2 26. Qe3 Qc6+ 27. f3 Nc4 28. Qe4 Rc8 29. f4 f6 30. Kh3 Qxe4 31. Bxe4 exf4 32.
Bb7 Rc5 33. gxf4 Nd6 34. Re7 Nxf5 35. Rd7 Rxc3+ 36. Kg4 g6 37. Bd5+ Kh8 38. Rd8+ Kg7 39. Rd7+ Kf8 40. Rf7+ Ke8 41. Rxf6 Ne3+ 42. Kh4 Nxd5 43.
Rxg6 a5 44. Rxh6 Rxc2 45. h3 b4 46. Rh5 Rd2 47. Re5+ Kf7 48. f5 a4 49. Kg5 b3 0-1

[Event "Late-Titled-Tuesday-Blitz-September-05-2023"]
[Site "Chess.com"]
[Date "2023.09.05"]
[Round "10"]
[White "Boorchess"]
[Black "Schwindle"]
[Result "0-1"]
[WhiteElo "2530"]
[BlackElo "2421"]
[TimeControl "180+1"]
[EndTime "15:55:33 PDT"]
[Termination "Schwindle won on time"]

1. d4 Nf6 2. c4 e6 3. Nc3 Bb4 4. f3 d5 5. a3 Be7 6. e3 O-O 7. c5 c6 8. Bd3 e5 9. Nge2 Nbd7 10. b4 Re8 11. Qc2 Bf8 12. O-O b6 13. Nxd5 cxd5 14. c6 e4 15. fxe4 dxe4 16. Bc4 Bd6 17. cxd7 Bxd7 18.
Qa2 Bxh2+ 19. Kxh2 Ng4+ 20. Kg3 Qg5 21. Rf4 Re7 22.
Rxg4 Bxg4 23. Kf2 Bxe2 24. Qxe2 Qh4+ 25. Kg1 Rc8 26. d5 Rec7 27. d6 Rxc4 28. Bb2 R4c6 29.
d7 Rd8 30. Rd1 Qe7 31. Qg4 Rg6 32. Qf4 h5 33. Be5 Qe6 34. Qxe4 Rxd7 35. Qa8+ Kh7 36.
Rxd7 Qxd7 37. Bf4 Qd1+ 38. Kh2 Qg4 39. Qe4 f5 40. Qd5 a5 41. bxa5 bxa5 42. a4 h4 43. Qb7 h3 44. g3 Qe2+ 45. Kxh3 Qh5+ 46. Kg2 Qe2+ 47. Kh3 Qg4+ 48. Kg2 Re6 49. Qd5 Re4 50. Qxa5 Qe2+ 0-1

[Event "Late-Titled-Tuesday-Blitz-September-05-2023"]
[Site "Chess.com"]
[Date "2023.09.05"]
[Round "10"]
[White "venturov"]
[Black "Witik"]
[Result "1-0"]
[WhiteElo "2463"]
[BlackElo "2636"]
[TimeControl "180+1"]
[EndTime "15:55:34 PDT"]
[Termination "venturov won on time"]

1. Nf3 Nf6 2. b3 c5 3. Bb2 Nc6 4. e3 a6 5. d4 cxd4 6. Nxd4 d5 7. c4 e5 8. Nxc6 bxc6 9. cxd5 Bb4+ 10. Bc3 Qa5 11. Qd2 Nxd5 12. Bxb4 Nxb4 13. Nc3 Bf5 14. O-O-O O-O 15. Bc4 Rfd8 16. Qb2 Bd3 17. a3 Bxc4 18. axb4 Qxb4 19. bxc4 Qxc4 20. Kc2 Rdb8 21. Qa1 Rb3 22.
Rb1 Rab8 23. Rhd1 h6 24. Rxb3 Rxb3 25. Rb1 Rb5 26. Qa4 Qc5 27. Rb3 a5 28. Rxb5 cxb5 29.
Qxb5 Qc7 30. Kb3 Qd8 31. e4 Qd2 32. Qxa5 Qxf2 33. Qxe5 Qxg2 34. Kc4 f6 35. Qe6+ Kh7 36. h3 Qf1+ 37. Kd4 Qf2+ 38. Kc4 Qd2 39. Nd5 Qa2+ 40. Kd4 Qb2+ 41. Kc5 Qa3+ 42. Kc6 Qa6+ 43. Kd7 Qb7+ 44.
Ke8 Qb8+ 45. Kf7 Qg8+ 46. Ke7 Qb8 47. Qf7 Qb7+ 48. Ke6 Qc8+ 49. Qd7 1-0

[Event "Late-Titled-Tuesday-Blitz-September-05-2023"]
[Site "Chess.com"]
[Date "2023.09.05"]
[Round "10"]
[White "WilsonPalencia21"]
[Black "vanyakuba"]
[Result "1-0"]
[WhiteElo "2553"]
[BlackElo "2408"]
[TimeControl "180+1"]
[EndTime "15:55:34 PDT"]
[Termination "WilsonPalencia21 won by resignation"]

1. d4 d5 2. c4 e6 3. Nf3 c6 4.
Nc3 dxc4 5. a4 Bb4 6. e3 b5 7.
Bd2 a5 8. axb5 Bxc3 9. Bxc3 cxb5 10. b3 Bb7 11. bxc4 b4 12. Bb2 Nf6 13. Bd3 Nbd7 14.
O-O O-O 15. Nd2 Qc7 16. Bc2 e5 17. Rc1 exd4 18. exd4 Nb6 19. d5 Nbd7 20. Ne4 Nxe4 21. Bxe4 Nc5 22. Qd4 f5 23. d6 Qf7 24. Bxb7 Nxb7 25.
c5 Nd8 26. c6 Ne6 27. Qd5 Nf4 28. Qf3 Ne6 29. c7 a4 30. Qd5 a3 31. Be5 Ng5 32. Qxa8 Rxa8 33. c8=Q+ Qf8 34. Qxf8+ Rxf8 35. Bd4 Ne6 36.
Be5 Rd8 37. Ra1 Rb8 38. Rfb1 Rb5 39. f4 Kf7 40. Rxa3 g5 41. Ra7+ Kg6 42. g3 gxf4 43. gxf4 Nc5 44. d7 Nd3 45. d8=Q Nxf4 46. Qg8+ Kh5 47. Bxf4 Re5 48. Qxh7+ Kg4 49. Qg6+ Kf3 50. Qg3+ Ke4 51. Qe3+ 1-0

[Event "Late-Titled-Tuesday-Blitz-September-05-2023"]
[Site "Chess.com"]
[Date "2023.09.05"]
[Round "10"]
[White "FeketeBarika"]
[Black "cande_francisco"]
[Result "0-1"]
[WhiteElo "2396"]
[BlackElo "2533"]
[TimeControl "180+1"]
[EndTime "15:55:35 PDT"]
[Termination "cande_francisco won on time"]

1. Nf3 c5 2. c4 Nc6 3. Nc3 Nf6 4.
g3 g6 5. Bg2 Bg7 6. O-O e5 7. d3 O-O 8. Bg5 h6 9. Bxf6 Qxf6 10.
Nd5 Qd8 11. Ne1 d6 12. Nc2 f5 13. e3 g5 14. f4 Be6 15. Rb1 a5 16. a3 Ne7 17. b4 cxb4 18. axb4 Nxd5 19. cxd5 Bc8 20. bxa5 Rxa5 21. fxe5 Bxe5 22. d4 Bg7 23. Qd3 Qe7 24. Kh1 Ra2 25. Qb3 Ra8 26. Qd3 h5 27. Rbe1 h4 28.
gxh4 g4 29. h5 Qh4 30. Rf4 Bh6 31. Rff1 Qxh5 32. Kg1 Bd7 33. Na3 Rae8 34. Re2 Bg7 35. Nb5 Qg6 36. Nc7 Rc8 37. Rc2 Qf7 38. Qb3 b5 39. Ne6 Rxc2 40. Nxf8 Rxg2+ 41. Kxg2 Qxf8 42.
Ra1 Qe8 43. Kf2 Qe4 44. Qd1 f4 45. Qe2 fxe3+ 46. Kg1 Bxd4 47. Ra8+ Kg7 48. Rd8 Qb1+ 49. Kg2 Qf5 0-1

[Event "Late-Titled-Tuesday-Blitz-September-05-2023"]
[Site "Chess.com"]
[Date "2023.09.05"]
[Round "10"]
[White "FabianoCaruana"]
[Black "GM_dmitrij"]
[Result "0-1"]
[WhiteElo "3081"]
[BlackElo "3054"]
[TimeControl "180+1"]
[EndTime "15:55:40 PDT"]
[Termination "GM_dmitrij won on time"]

1. e4 e5 2. Nf3 Nc6 3. Bb5 a6 4. Ba4 Nf6 5. O-O Be7 6. d3 b5 7.
Bb3 d6 8. Bd2 Bg4 9. c3 Na5 10.
Bc2 c5 11. h3 Bd7 12. Re1 Nc6 13. Bc1 O-O 14. Nbd2 Re8 15. Nf1 h6 16. Ng3 Bf8 17. Nh2 g6 18. a4 Bg7 19. Be3 b4 20. Nf3 Rb8 21. Nd2 Na5 22. Nb3 Be6 23. Nxa5 Qxa5 24. Bd2 b3 25. Bb1 c4 26. Nf1 d5 27. exd5 Nxd5 28.
dxc4 Nb6 29. Ne3 Red8 30. Qc1 h5 31. Be4 Qc5 32. a5 Nxc4 33. Nxc4 Qxc4 34. Bf3 Bd5 35. Bxd5 Rxd5 36. Bg5 Rbb5 37. Rd1 Rxa5 38. Rxa5 Rxa5 39. Qd2 Kh7 40. Be7 e4 41. Qf4 Rf5 42. Qe3 a5 43. Rd7 a4 44. Ba3 Qe6 45. Ra7 Bh6 46. Qe2 e3 47. f3 Rd5 48. Ra6 Qf5 49. Rxa4 Qb1+ 50. Kh2 Rd2 51. Qc4 Qf5 52. Bc5 e2 53. Bf2 Rxb2 54. Ra7 Bf4+ 55. g3 e1=Q 56. Rxf7+ Kh6 0-1

[Event "Late-Titled-Tuesday-Blitz-September-05-2023"]
[Site "Chess.com"]
[Date "2023.09.05"]
[Round "10"]
[White "WPWPWP-2015"]
[Black "traack"]
[Result "1-0"]
[WhiteElo "2544"]
[BlackElo "2372"]
[TimeControl "180+1"]
[EndTime "15:55:40 PDT"]
[Termination "WPWPWP-2015 won on time"]

1. e4 c5 2. Nf3 e6 3. d4 cxd4 4. Nxd4 Nc6 5. Nc3 Qc7 6. g4 a6 7.
Bg2 b5 8. Nxc6 Qxc6 9. O-O Bb7 10. Re1 Bc5 11. Bf4 Ne7 12. Bg3 O-O 13. Ne2 f5 14. gxf5 Nxf5 15. Nf4 Nxg3 16. hxg3 Qb6 17. Rf1 Rad8 18. Nd3 Bd4 19. c3 Bf6 20. e5 Be7 21. Qg4 Bxg2 22. Kxg2 Qc6+ 23. Kg1 Qd5 24. Rad1 Qxa2 25.
Rd2 Qc4 26. Nf4 Qe4 27. Rxd7 Rxd7 28. Qxe6+ Kh8 29. Qxd7 Qxe5 30. Qe6 Qxe6 31. Nxe6 Rf6 32. Nf4 Bd6 33. Nd5 Rf5 34. Rd1 h6 35. Kg2 Bc5 36. f4 g5 37. g4 Rf8 38. f5 Re8 39. Kf3 Kg7 40. b4 Ba7 41. Ra1 Rd8 42. Rxa6 Rxd5 43. Rxa7+ Kf6 44. Ra6+ Kg7 45. Rg6+ Kh7 46. Rc6 Rd3+ 47. Ke4 Rg3 48. Ke5 Rxg4 49. Kf6 h5 50. Rc7+ Kh6 51. Rc8 Kh7 52. Rc7+ Kh6 53. Kf7 h4 54.
Kg8 1-0

[Event "Late-Titled-Tuesday-Blitz-September-05-2023"]
[Site "Chess.com"]
[Date "2023.09.05"]
[Round "10"]
[White "DeArron_Fox"]
[Black "GoltsevDmitry2000"]
[Result "1-0"]
[WhiteElo "2499"]
[BlackElo "2640"]
[TimeControl "180+1"]
[EndTime "15:55:42 PDT"]
[Termination "DeArron_Fox won by checkmate"]

1. d4 e6 2. c4 b6 3. e4 Bb7 4. Bd3 g6 5. Ne2 Bg7 6. Nbc3 Ne7 7. O-O O-O 8. Be3 f5 9. f3 Nbc6 10. a3 fxe4 11. fxe4 d6 12. Qd2 e5 13. d5 Nd4 14.
Rxf8+ Qxf8 15. Rf1 Qc8 16. Bh6 Qg4 17. h3 Qh5 18.
Bg5 Rf8 19. Ng3 Rxf1+ 20. Kxf1 Nf3 21. Nxh5 Nxd2+ 22. Bxd2 gxh5 23. Nb5 a6 24. Nxc7 Bc8 25. Be3 Ng6 26. Bxb6 Nf4 27. Bc2 h4 28. b4 Bf8 29.
c5 Kf7 30. c6 Be7 31. a4 Bd8 32. b5 axb5 33. axb5 Nh5 34. Na8 Bg5 35. Bc7 Be3 36. Nb6 Ng3+ 37. Ke1 Bf5 38. Nd7 Bg6 39. b6 Ke7 40. b7 Ba7 41. b8=Q Bxb8 42. Nxb8 Nxe4 43. Bb6 Nc3 44. Bxg6 hxg6 45. c7 Nxd5 46. c8=Q Nf6 47. Qb7+ Ke6 48. Nc6 Kd5 49. Nd8+ Kc4 50. Qf7+ Nd5 51.
Qxg6 e4 52. Qxe4+ Kb5 53. Qxd5+ Ka6 54. Qxd6 Kb5 55. Qc5+ Ka6 56. Qa5# 1-0

[Event "Late-Titled-Tuesday-Blitz-September-05-2023"]
[Site "Chess.com"]
[Date "2023.09.05"]
[Round "10"]
[White "Nick12772"]
[Black "MariaFominykh"]
[Result "1-0"]
[WhiteElo "2339"]
[BlackElo "2257"]
[TimeControl "180+1"]
[EndTime "15:55:42 PDT"]
[Termination "Nick12772 won on time"]

1. Nf3 Nf6 2. g3 g6 3. Bg2 Bg7 4. O-O O-O 5. c4 d6 6. Nc3 Nc6 7. d3 a6 8. Rb1 Rb8 9. b4 b5 10. cxb5 axb5 11. a3 Nd7 12. Bb2 Nd4 13. Nxd4 Bxd4 14.
Qd2 c5 15. Nd5 Bxb2 16. Qxb2 Nb6 17. Nxb6 Qxb6 18. Rfc1 Be6 19. Rc2 c4 20. dxc4 Bxc4 21. a4 h5 22. a5 Qa7 23. h4 d5 24. Rbc1 e6 25. e3 Qe7 26. Bf1 Rfd8 27. Ra1 Rd7 28.
Rc3 e5 29. Rcc1 Ra7 30. Rd1 Ra6 31. Rac1 Qe6 32. Kg2 Qc6 33. Kg1 Qe6 34. Bg2 Ra7 35.
Rd2 Kh7 36. Rcd1 Rd7 37. Ra1 Rbd8 38. a6 Ra7 39. Ra3 Rxa6 40. Rd1 Rxa3 41. Qxa3 Rd6 42. Qa7 Ra6 43. Qc5 Ra2 44. Bxd5 Qg4 45. Rc1 Qe2 46. e4 Bxd5 47. exd5 e4 48. Rf1 Qf3 49. Qe3 Rb2 50.
Qxf3 exf3 51. Rd1 Rxb4 52. d6 1-0

[Event "Late-Titled-Tuesday-Blitz-September-05-2023"]
[Site "Chess.com"]
[Date "2023.09.05"]
[Round "10"]
[White "Matibar"]
[Black "arminmusovic"]
[Result "1/2-1/2"]
[WhiteElo "2861"]
[BlackElo "2548"]
[TimeControl "180+1"]
[EndTime "15:55:43 PDT"]
[Termination "Game drawn - insufficient material"]

1. b3 Nf6 2. Bb2 d5 3. g3 Bg4 4.
Bg2 c6 5. d3 e6 6. Nd2 Bb4 7. a3 Ba5 8. Nf3 O-O 9. h3 Bh5 10.
g4 Bg6 11. Nh4 Bxd2+ 12. Qxd2 Ne4 13. dxe4 Qxh4 14. Qe3 Nd7 15. O-O-O Nf6 16. e5 Ne4 17. Rhf1 b6 18. f3 Nc5 19. f4 Be4 20. Bxe4 Nxe4 21.
f5 Qg5 22. Rf4 f6 23. fxe6 fxe5 24. Rxf8+ Rxf8 25. Qxg5 Nxg5 26. Bxe5 Nxh3 27. c4 Ng5 28. cxd5 cxd5 29. Rxd5 Re8 30. Rd7 Nxe6 31. Bc3 a5 32. Kd2 Rd8 33. Rxd8+ Nxd8 34. Kd3 g6 35. Ke4 Kf7 36.
Kd5 h5 37. gxh5 gxh5 38. Be5 h4 39. Bc7 h3 40. Ke4 Ne6 41. Bh2 Nc5+ 42. Kf3 Nxb3 43. Kg4 Ke6 44. Kxh3 Kf5 45. Kg2 Ke4 46. Bc7 b5 47.
Kf2 a4 48. Bd6 Na5 49. Bb4 Nc4 50. Ke1 Nb6 51. Kd2 Nd5 52. Bd6 Kd4 53. Kc2 Ne3+ 54. Kb1 Nc4 55. Bb4 Ke3 56. Kc2 Kxe2 57. Kc3 Ke3 58.
Bc5+ Ke4 59. Kb4 Kd5 60. Kxb5 Nxa3+ 61. Bxa3 Ke4 62. Kxa4 1/2-1/2

[Event "Late-Titled-Tuesday-Blitz-September-05-2023"]
[Site "Chess.com"]
[Date "2023.09.05"]
[Round "10"]
[White "HansOnTwitch"]
[Black "Hikaru"]
[Result "1/2-1/2"]
[WhiteElo "3024"]
[BlackElo "3237"]
[TimeControl "180+1"]
[EndTime "15:55:45 PDT"]
[Termination "Game drawn by repetition"]

1. e4 e5 2. Nf3 Nc6 3. Bb5 Nf6 4. O-O Nxe4 5. d4 Nd6 6. Bxc6 dxc6 7. dxe5 Nf5 8.
Qxd8+ Kxd8 9. h3 Bd7 10. Rd1 Kc8 11. a4 a5 12. Nc3 h6 13. Ne2 Ne7 14. b3 Ng6 15. Bb2 c5 16. Nc3 Nf4 17. Bc1 Ne6 18.
Nd5 Bc6 19. c4 g5 20. Bb2 b6 21. Nh2 h5 22. Nf1 Kb7 23. Nfe3 Rh6 24. Nf5 Rh8 25. Rd2 Bh6 26. Nxh6 Rxh6 27. Rad1 Re8 28. Nf6 Reh8 29. Nd5 Re8 30. Kh2 Rg6 31. Nf6 Rh8 32. g3 Bf3 33. Re1 Bc6 34. Rd3 Kc8 35. Nd5 Kb7 36. Ne7 Rg7 37.
Nxc6 Kxc6 38. Red1 g4 39. h4 Rgg8 40. Kg2 Re8 41.
f3 gxf3+ 42. Rxf3 Rh7 43. Rf5 Rg8 44. Rd3 Rgg7 45. Kf2 Kb7 46. Rd7 Kc8 47. Rd3 Rg8 48. Bc3 Rgg7 49. Rf6 Rg8 50. Rdf3 Rgg7 51. Ke3 Kd7 52.
Kf2 Ke7 53. Rd3 Rg8 54. Rf5 Rg4 55. Rf6 Rg6 56. Rf5 Rg8 57. Rff3 Rg4 58. Rf5 Rg6 59. Rff3 Rgg7 60. Rf5 Rg8 61. Rff3 Rg4 62. Rf5 Rh8 63.
Rdf3 Rg7 64. Rd3 Rg6 65. Rdf3 Rh7 66. Rd3 Rg8 1/2-1/2

[Event "Late-Titled-Tuesday-Blitz-September-05-2023"]
[Site "Chess.com"]
[Date "2023.09.05"]
[Round "10"]
[White "santosalberto1987"]
[Black "newyorkmouse"]
[Result "1-0"]
[WhiteElo "2554"]
[BlackElo "2464"]
[TimeControl "180+1"]
[EndTime "15:55:46 PDT"]
[Termination "santosalberto1987 won on time"]

1. e4 g6 2. d4 Bg7 3. Nc3 d6 4.
Nf3 Bg4 5. Be3 Nc6 6. Be2 e5 7.
dxe5 dxe5 8. Qxd8+ Rxd8 9. Nd5 Bxf3 10. Bxf3 Rd7 11. O-O-O Nge7 12. Nxe7 Nxe7 13. Bg4 f5 14. exf5 gxf5 15. Bh5+ Kd8 16. Rxd7+ Kxd7 17. Rd1+ Ke6 18. Be2 f4 19. Bc4+ Kf5 20. Bc5 Nc6 21. Rd7 Bh6 22. f3 e4 23. fxe4+ Kxe4 24. Bd5+ Ke5 25. Bf3 Rc8 26. Rxh7 Bg5 27. h4 Bd8 28. Bxc6 bxc6 29. Rh8 f3 30. Rh5+ Kf4 31. gxf3 Kxf3 32. Kd2 Kg4 33. Rh7 Bxh4 34. Kc3 Bf6+ 35. Bd4 Bg5 36. Kc4 Kf5 37. Bxa7 Ke6 38. Bc5 Bc1 39. b4 Bf4 40. a4 Rg8 41. a5 Rg4 42. Kb3 Rg3+ 43. c3 Bc1 44. Bd4 Rg2 45. a6 Rb2+ 46. Kc4 Ra2 47.
a7 c5 48. Bxc5 1-0

[Event "Late-Titled-Tuesday-Blitz-September-05-2023"]
[Site "Chess.com"]
[Date "2023.09.05"]
[Round "10"]
[White "KNVB"]
[Black "willyam13"]
[Result "1-0"]
[WhiteElo "2713"]
[BlackElo "2488"]
[TimeControl "180+1"]
[EndTime "15:55:50 PDT"]
[Termination "KNVB won by resignation"]

1. c4 e5 2. g3 Nf6 3. Bg2 d5 4. cxd5 Nxd5 5. Nc3 Nb6 6. e3 Nc6 7. Nge2 Be7 8. f4 exf4 9. Nxf4 O-O 10. O-O Ne5 11. d4 Nec4 12. b3 Nd6 13. e4 c6 14.
Bb2 a6 15. Qf3 Nb5 16. Nce2 Bf6 17. Rad1 Nc7 18. Nh5 Bg5 19. d5 Bh6 20. dxc6 Qg5 21. h4 Qc5+ 22. Kh2 Qxc6 23. Nd4 Qg6 24. Nf5 Bxf5 25.
exf5 Qc6 26. Nf6+ Kh8 27. Qxc6 bxc6 28. Ng4 f6 29. Nxh6 gxh6 30. Bxc6 Rac8 31. Rd6 Kg7 32. Re1 Rf7 33. Rxf6 Rxf6 34. Re7+ Kf8 35. Bxf6 Ncd5 36. Bxd5 Nxd5 37. Re6 Rc2+ 38. Kh3 Kf7 39.
Bd4 Rxa2 40. Rxh6 Kg8 41. Rd6 Ne7 42. f6 Nf5 43. Rd7 Nxd4 44. Rxd4 Kf7 45. Rd7+ Kxf6 46.
Rxh7 Rb2 47. Rh6+ Kf5 48. Rxa6 Rxb3 49. Ra5+ Kg6 50. Ra4 Rb1 51. Kg4 Rb2 52. Ra6+ Kg7 53. h5 Rb4+ 54. Kg5 Rb5+ 55. Kh4 Rb1 56. g4 Rh1+ 57.
Kg5 Rb1 58. Ra7+ Kg8 59. h6 Rh1 60. Kg6 Kf8 61. Ra8+ Ke7 62. h7 Ke6 63. h8=Q Rxh8 64. Rxh8 1-0

[Event "Late-Titled-Tuesday-Blitz-September-05-2023"]
[Site "Chess.com"]
[Date "2023.09.05"]
[Round "10"]
[White "Garmendiarov"]
[Black "DawidCzerw"]
[Result "0-1"]
[WhiteElo "2353"]
[BlackElo "2492"]
[TimeControl "180+1"]
[EndTime "15:55:50 PDT"]
[Termination "DawidCzerw won on time"]

1. e4 c5 2. Nf3 Nc6 3. Bb5 Nd4 4. Nxd4 cxd4 5. c3 a6 6. Bc4 dxc3 7.
Nxc3 e6 8. d4 d6 9. O-O b5 10.
Bd3 Bb7 11. Bf4 Nf6 12. Re1 Be7 13. Rc1 O-O 14. e5 Nd5 15. Nxd5 Bxd5 16. Qh5 g6 17.
Qh6 dxe5 18. Bxe5 Bf6 19. Re3 Bxe5 20. dxe5 Rc8 21. Rxc8 Qxc8 22. Rh3 Rd8 23. Qxh7+ Kf8 24. Qh8+ Ke7 25. Qf6+ Kd7 26. Qxf7+ Kc6 27. Bxg6 Kb6 28. Rc3 Qb8 29. Qf4 Bc4 30. Qe3+ Ka5 31. Ra3+ Kb4 32. Qc3+ Kc5 33. b4+ Kb6 34. Qe3+ Kb7 35. Be4+ Kc8 36.
Bf3 Qc7 37. Rxa6 Bd5 38. Qc5 Qxc5 39. bxc5 Bb7 40. Bxb7+ Kxb7 41. Rd6 Ra8 42. f4 Rxa2 43. g4 Kc7 44. f5 exf5 45. gxf5 b4 46. f6 b3 47. f7 b2 48. f8=Q b1=Q+ 49. Qf1 Qb3 50.
Rc6+ Kxc6 51. Qf6+ Kxc5 52. Qd6+ Kc4 53. Qc6+ Kd3 54.
Qd6+ Kc2 55. Qc5+ Kb1 56. Qd4 Rc2 0-1